 Dungeon Crawl Stone Soup version 0.31.0-12-g77e489cdc1 (webtiles) character file.

Game seed: 14384569397102544947

450 hawla the Chopper (level 6, -1/49 (51) HPs)
             Began as a Minotaur Fighter on Feb 21, 2024.
             Was an Initiate of Yredelemnul.
             Slain by a wight
             ... wielding a +4 great sword of freezing
              (6 damage)
             ... on level 5 of the Dungeon.
             The game lasted 00:06:21 (2714 turns).

hawla the Chopper (Minotaur Fighter)                Turns: 2714, Time: 00:06:23

HP:   -1/49 (51)    AC: 12    Str: 22    XL:     6   Next: 74%
MP:   5/5           EV:  8    Int:  5    God:    Yredelemnul [......]
Gold: 110           SH:  4    Dex: 10    Spells: 5/5 levels left

rFire   . . .        a - +1 war axe
rCold   . . .        c - +0 buckler
rNeg    . . .        o - +0 chain mail
rPois   .            (helmet restricted)
rElec   .            (no cloak)
rCorr   .            (no gloves)
SInv    .            q - +2 pair of boots
Will    .....        (no amulet) Stlth
                     f - ring of flight
HPRegen 0.28/turn    (no ring)
MPRegen 0.09/turn

%: no passive effects
@: flying, lightly drained
A: horns 2, retaliatory headbutt
a: Renounce Religion, Recall Undead Harvest


You were on level 5 of the Dungeon.
You worshipped Yredelemnul.
Yredelemnul was noncommittal.
You visited 2 branches of the dungeon, and saw 6 of its levels.

You collected 176 gold pieces.
You spent 66 gold pieces at shops.

Inventory:

Hand Weapons
 a - a +1 war axe (weapon)
 r - a -3 demon whip
Armour
 c - a +0 buckler (worn)
 o - a +0 chain mail (worn)
 q - a +2 pair of boots (worn)
Jewellery
 b - a +6 ring of dexterity
 f - a ring of flight (left hand)
Scrolls
 h - 5 scrolls of teleportation
 j - a scroll of revelation
 n - 3 scrolls of poison
Potions
 d - a potion of might
 e - 2 potions of lignification
 g - a potion of attraction {unknown}
 i - 3 potions of curing {unknown}
 l - 2 potions of degeneration {unknown}
 m - 4 potions of heal wounds {unknown}
 s - a potion of mutation {unknown}


   Skills:
 - Level 3.6 Fighting
 - Level 7.3(8.0) Axes
 + Level 4.6(6.6) Maces & Flails
 - Level 3.6 Armour
 - Level 3.6 Shields


You had 5 spell levels left.
You didn't know any spells.
Your spell library was empty.

Dungeon Overview and Level Annotations

Branches:
Dungeon (5/15)             Temple (1/1) D:4

Altars:
Ashenzari
Dithmenos
Fedhas
Gozag
Hepliaklqana
Makhleb
Nemelex Xobeh
Okawaru
Ru
Sif Muna
Trog
Uskayaw
Vehumet
Wu Jian
Yredelemnul
Zin

Shops:
D:2 ?   D:4 *


Innate Abilities, Weirdness & Mutations

You have a pair of horns on your head.
You reflexively headbutt those who attack you in melee.


Message History

Your base Maces & Flails skill increases to level 2!
You have reached level 6!
The wight attacks as it pursues you! The wight hits you but does no damage.
You slash the wight!
You headbutt the wight, but do no damage.
The wight is severely damaged.
You hit the wight.
The wight is heavily damaged.
You hit the wight.
The wight is severely damaged.
Your hearing returns.
The wight hits you with a +5 short sword.
You feel drained.
You closely miss the wight. Your headbutt misses the wight.
The wight is severely damaged.
You block the wight's attack.
You slash the wight!
You destroy the wight!
The wight closely misses you.
Your life force feels restored.
Your base Maces & Flails skill increases to level 3!
You completely miss the wight. Your headbutt misses the wight.
The wight is heavily damaged.
The wight hits you but does no damage.
You slash the wight!
You destroy the wight!
Your base Maces & Flails skill increases to level 4!
You barely miss the wight.
The wight is severely damaged.
The wight barely misses you.
You slash the wight!
You destroy the wight!
You barely miss the wight.
The wight hits you with a +4 great sword of freezing!!
* * * LOW HITPOINT WARNING * * *
You feel drained.
* * * LOW HITPOINT WARNING * * *
The wight freezes you.
You die...
Your body rises from the dead as a mindless zombie.

#.# .#.# ###.#.# #
#.. #.#
#.##.###.###
#..........#
.#########.###.#.#
........#..#
#.#.##### #@#.##
#.#.....# #z#.#
#.#####.# ##...#
#......<# #...##
#.#####.# #.).##
#.# #.# #....# #.#
......# #.#
........# #.#
........# #.#


You could see a wight.

Vanquished Creatures
  An ogre (D:4)
  4 wights (D:5)
  An orc priest (D:4)
  An iguana (D:4)
  2 adders
  A ribbon worm (D:4)
  2 dart slugs
  2 orcs (D:4)
  5 endoplasms
  A giant cockroach (D:1)
  10 goblins
  4 hobgoblins
  12 jackals
  3 quokkas
  6 ball pythons
  7 bats
  2 frilled lizards
  9 kobolds
  9 rats
82 creatures vanquished.

Notes
Turn   | Place    | Note
-------+----------+-------------------------------------------
     0 | D:1      | hawla the Minotaur Fighter began the quest for the Orb.
     0 | D:1      | Reached XP level 1. HP: 19/19 MP: 0/0
    56 | D:1      | Reached skill level 3 in Axes
   202 | D:1      | Reached XP level 2. HP: 26/26 MP: 1/1
   411 | D:1      | Reached skill level 4 in Axes
   487 | D:1      | Reached XP level 3. HP: 31/31 MP: 2/2
   763 | D:2      | Found a faded altar of an unknown god.
   812 | D:2      | Found Runnim's Magic Scroll Shop.
   818 | D:2      | Bought a scroll of teleportation for 39 gold pieces
   818 | D:2      | Bought a scroll of identify for 26 gold pieces
  1088 | D:2      | Found Mywi's Magic Scroll Shop.
  1164 | D:2      | Reached skill level 5 in Axes
  1435 | D:3      | Reached XP level 4. HP: 39/39 MP: 3/3
  1730 | D:4      | Reached skill level 6 in Axes
  1781 | D:4      | Noticed an ogre
  1786 | D:4      | Killed an ogre
  1787 | D:4      | Reached skill level 7 in Axes
  1787 | D:4      | Reached XP level 5. HP: 36/45 MP: 4/4
  2087 | D:4      | Found Podemy's Lightly-Used Armoury.
  2095 | D:4      | Bought a -3 demon whip for 1 gold piece
  2130 | D:4      | Found a shimmering blue altar of Sif Muna.
  2130 | D:4      | Found a basalt altar of Yredelemnul.
  2157 | D:4      | Found a staircase to the Ecumenical Temple.
  2186 | Temple   | Entered the Ecumenical Temple
  2224 | D:4      | Became a worshipper of Yredelemnul the Dark
  2348 | D:4      | Reached skill level 1 in Maces & Flails
  2383 | D:4      | Reached * piety under Yredelemnul
  2674 | D:5      | Entered Level 5 of the Dungeon
  2702 | D:5      | Reached XP level 6. HP: 27/51 MP: 5/5
  2714 | D:5      | Slain by a wight

Illustrated notes

Levels and vault maps discovered:
D:1:      dpeg_arrival_subterranean_lakeside_camping, layout_basic,
          minmay_tetromino_l4
D:2:      layout_basic, serial_shops, shop, shop,
          hellmonk_ecumenical_altar_arch_garden
D:3:      layout_rooms
D:4:      layout_cave_pods, gammafunk_temple_overflow_wave,
          minmay_temple_entry_gardened_gates, minmay_shop_damaged
D:5:      minmay_angry_zag, layout_basic, slow_altar_1, uniq_crazy_yiuf_cottage,
          uniq_sigmund
Temple:   zaba_magenta_temple

Skill      XL: |  1  2  3  4  5  6 |
---------------+-------------------+-----
Axes           | 3 4 5 7 |  7.3
Maces & Flails | 2 4 |  4.6
Fighting       | |  3.6
Armour         | |  3.6
Shields        | |  3.6

Action                     |  1- 3 |  4- 6 || total
---------------------------+-------+-------++-------
  Melee: War axe           |   139 |    54 ||   193
         Headbutt          |    10 |     9 ||    19
    Use: Scroll            |     3 |     3 ||     6
 Armour: Scale mail        |    92 |       ||    92
         Chain mail        |     4 |    32 ||    36
  Dodge: Dodged            |    74 |    14 ||    88
  Block: Buckler           |    33 |     6 ||    39
